 Dungeon Crawl Stone Soup version 0.31-a0-441-g867994ef1c (webtiles) character file.

Game seed: 1960876412908009390

73255 Jackthecabe the Nimble (level 15, 0/115 HPs)
             Began as a Mummy Artificer on Aug 3, 2023.
             Was a High Priest of Lugonu.
             Succumbed to barbed spike wounds
             ... on level 12 of the Dungeon.
             The game lasted 01:12:48 (23095 turns).

Jackthecabe the Nimble (Mummy Artificer)           Turns: 23095, Time: 01:12:48

Health: 0/115      AC: 29    Str: 21    XL:     15   Next: 3%
Magic:  21/21      EV: 10    Int: 12    God:    Lugonu [*****.]
Gold:   2152       SH:  5    Dex: 13    Spells: 15/16 levels left

rFire   . . .        H - +6 demon whip (distort)
rCold   + . .        u - +0 buckler
rNeg    + + +        m - +0 plate armour
rPois   ∞            q - +2 helmet {SInv}
rElec   .            z - +2 cloak
rCorr   .            G - +2 pair of gloves
SInv    +            e - +0 pair of boots
Will    +....        r - amulet of regeneration Stlth
                     F - ring of protection from fire
HPRegen 1.19/turn    T - +4 ring of protection
MPRegen 0.17/turn

%: faith
@: spiked
A: cold resistance 1, negative energy resistance 3, torment resistance 2, heat
vulnerability 1, in touch with death 2, no potions, faith
a: Renounce Religion, Depart the Abyss, Banish, Corrupt, Enter the Abyss


You were on level 12 of the Dungeon.
You worshipped Lugonu.
Lugonu was extremely pleased with you.
You visited 3 branches of the dungeon, and saw 19 of its levels.
You visited the Abyss 1 time.
You also visited: Sewer.

You collected 2152 gold pieces.


Innate Abilities, Weirdness & Mutations

You are immune to poison.
Your flesh is cold resistant. (rC+)
You are immune to negative energy. (rN+++)
You are immune to unholy pain and torment.
You are vulnerable to heat. (rF-)
You are strongly in touch with the powers of death.
You do not drink.
You have a special connection with the divine. (Faith)


   Skills:
 + Level 10.1 Fighting
 - Level 10.0(11.8) Axes
 - Level 10.2(12.0) Maces & Flails
 - Level 9.0 Armour
 - Level 10.3 Dodging
 - Level 0.7 Stealth
 - Level 5.0 Shields
 - Level 1.2 Spellcasting
 - Level 8.0 Invocations
 - Level 2.4 Evocations


You had 15 spell levels left.
You knew the following spells:

 Your Spells              Type           Power      Damage    Failure   Level
a - Apportation           Tloc           0%         N/A       99%         1

Your spell library contained the following spells:

 Spells                   Type           Power      Damage    Failure   Level
 Magic Dart               Conj           0%         1d3       99%         1
 Sting                    Tmut/Pois      0%         1d3       99%         1
 Summon Small Mammal      Summ           0%         N/A       99%         1
 Call Imp                 Summ           0%         N/A       100%        2
 Ensorcelled Hibernation  Hex/Ice        0%         N/A       100%        2
 Poisonous Vapours        Pois/Air       0%         N/A       100%        2
 Call Canine Familiar     Summ           0%         N/A       100%        3
 Dazzling Flash           Conj/Hex       0%         N/A       100%        3
 Mephitic Cloud           Conj/Pois/Air  0%         N/A       100%        3
 Summon Guardian Golem    Hex/Summ       0%         N/A       100%        3
 Volatile Blastmotes      Fire/Tloc      0%         2d10      100%        3
 Anguish                  Hex/Necr       0%         N/A       100%        4
 Olgreb's Toxic Radiance  Pois           0%         N/A       100%        4
 Petrify                  Tmut/Erth      0%         N/A       100%        4
 Summon Ice Beast         Ice/Summ       0%         N/A       100%        4
 Alistair's Intoxication  Tmut/Pois      0%         N/A       100%        5
 Irradiate                Conj/Tmut      0%         3d11      100%        5
 Summon Mana Viper        Hex/Summ       0%         N/A       100%        5
 Starburst                Conj/Fire      0%         6d3       100%        6
 Monstrous Menagerie      Summ           0%         N/A       100%        7
 Maxwell's Capacitive Co  Air            0%         ∞         100%        8
 Sublimation of Blood     Necr           Unusable   N/A       N/A         2

Inventory:

Hand Weapons
 a - a +2 dagger of venom
 b - a +4 morningstar
 H - a +6 demon whip of distortion (weapon)
Missiles
 i - 58 poisoned darts
 J - a curare-tipped dart {=f}
Armour
 e - a +0 pair of boots (worn)
 m - a +0 plate armour (worn)
 q - a +2 helmet of see invisible (worn)
 s - a +0 chain mail
 u - a +0 buckler (worn)
 z - a +2 cloak (worn)
 G - a +2 pair of gloves (worn)
Jewellery
 l - an amulet of magic regeneration
 r - an amulet of regeneration (around neck)
 t - a +4 ring of protection
 C - a ring of ice
 E - a +5 ring of evasion
 F - a ring of protection from fire (left hand)
 L - a ring of flight
 T - a +4 ring of protection (right hand)
 Z - a ring of wizardry
Wands
 c - a wand of flame (68) (quivered)
 d - a wand of charming (20)
 f - a wand of polymorph (19)
 n - a wand of digging (9)
 w - a wand of roots (9)
Scrolls
 g - 2 scrolls of teleportation {@r2}
 h - 11 scrolls of identify {@r1}
 j - 2 scrolls of fog
 k - a scroll of brand weapon
 x - 4 scrolls of vulnerability
 y - 4 scrolls of amnesia
 A - 2 scrolls of immolation
 B - 4 scrolls of revelation
 I - 2 scrolls of fear

Dungeon Overview and Level Annotations

Branches:
Dungeon (12/15)            Temple (0/1) D:7            Lair (5/5) D:10
  Swamp (0/4) Lair:3        Snake (0/4) Lair:2        Slime (0/5) Lair:4
    Orc (2/2) D:10            Elf (0/3) Orc:2         Sewer (visited)

Altars:
Fedhas
Gozag
Kikubaaqudgha
Makhleb
Ru
Uskayaw
Lugonu

Shops:
D:7 (   Orc:2 :[*!**

Portals:
Abyss: D:6 Lair:1
Pandemonium: Orc:2

Annotations:
D:7 1 runed translucent door, Crazy Yiuf
Lair:1 2 transporters, bronco's ghost, journeyman MiSh
Abyss:1 Urug

####'##### ##+#######
#..# #. ##.# #.#
#####'#### .. .........#
#. ...†.....# #(##
.........######..#
.........'....##.##
.........####...@.#######
.........# ####........#
.........# #..#####..
.........# ##9#
.........# #.# ###+######
#H# #.# #.# #.#


You could see a manticore and a gargoyle.


Message History

The barbs in your skin will harm you if you move.
Continue? [Y]es or [N]o only, please.
The barbs in your skin will harm you if you move.
Continue?
The barbed spikes dig painfully into your body as you move.
* * * LOW HITPOINT WARNING * * *
The gargoyle hurls a stone arrow at you.
The stone arrow misses you.
The manticore flicks its tail.
You block the volley of spikes.
The barbed spikes dig painfully into your body as you move.
* * * LOW HITPOINT WARNING * * *
The manticore flicks its tail.
The volley of spikes hits you but does no damage.
The barbed spikes dig painfully into your body as you move.
* * * LOW HITPOINT WARNING * * *
The barbed spikes dig painfully into your body as you move.
* * * LOW HITPOINT WARNING * * *
The barbed spikes dig painfully into your body as you move.
* * * LOW HITPOINT WARNING * * *
The barbed spikes dig painfully into your body as you move.
* * * LOW HITPOINT WARNING * * *
The barbed spikes dig painfully into your body as you move.
* * * LOW HITPOINT WARNING * * *
The barbed spikes dig painfully into your body as you move.
* * * LOW HITPOINT WARNING * * *
The barbed spikes dig painfully into your body as you move.
* * * LOW HITPOINT WARNING * * *
There is a stone staircase leading up here.
The barbed spikes dig painfully into your body as you move.
You die...

Skill      XL: |  1  2  3  4  5  6  7  8  9 10 11 12 13 14 |
---------------+-------------------------------------------+-----
Fighting       | 2 3 4 8 10 | 10.1
Axes           | 1 2 3 5 6 8 9 10 | 10.0
Armour         | 4 6 9 |  9.0
Shields        | 5 |  5.0
Maces & Flails | 4 6 8 10 | 10.2
Invocations    | 5 8 |  8.0
Spellcasting   | 1 |  1.2
Dodging        | 2 10 | 10.3
Stealth        | |  0.7
Evocations     | |  2.4

Action                     |  1- 3 |  4- 6 |  7- 9 | 10-12 | 13-15 || total
---------------------------+-------+-------+-------+-------+-------++-------
  Melee: Club              |    90 |       |       |       |       ||    90
         War axe           |    48 |   222 |   405 |    42 |       ||   717
         Dagger            |       |    14 |    67 |    41 |       ||   122
         Punch             |       |     4 |     2 |       |       ||     6
         Morningstar       |       |       |       |   631 |       ||   631
         Demon whip        |       |       |       |   240 |  1547 ||  1787
  Throw: Dart              |       |       |    30 |    27 |     8 ||    65
 Invoke: Banish            |       |       |       |       |    10 ||    10
         Depart the Abyss  |       |       |       |       |     1 ||     1
         Enter the Abyss   |       |       |       |       |     1 ||     1
         Brand Weapon With |       |       |       |       |     1 ||     1
  Evoke: Wand              |     1 |       |       |    20 |     8 ||    29
    Use: Scroll            |       |       |     7 |     7 |    18 ||    32
   Stab: Confused          |       |       |       |       |     6 ||     6
 Armour: Ring mail         |    66 |       |       |       |       ||    66
         Leather armour    |     1 |       |       |       |       ||     1
         Scale mail        |    23 |   111 |       |       |       ||   134
         Chain mail        |       |    17 |   323 |   647 |   607 ||  1594
         Plate armour      |       |       |       |       |   157 ||   157
  Dodge: Dodged            |    87 |   103 |   143 |   456 |   449 ||  1238
  Block: Buckler           |       |       |       |   194 |   291 ||   485

Levels and vault maps discovered:
D:1:      minmay_arrival_stair_chambers, layout_basic
D:2:      layout_basic, uniq_natasha
D:3:      layout_rooms, old_standard_altar, nicolae_overflow_hidden_temple,
          gup_sewer_entry_pipe, uniq_robin
D:4:      nicolae_cairo_tiling_very_big, layout_rooms
D:5:      layout_rooms, chequers_temple_overflow_statue_of_worship
D:6:      minmay_evil_eye, layout_loops_ring, hangedman_decor_opposing,
          amcnicky_altar_lugonu_corruption
D:7:      layout_basic, overflow_temple_1_default,
          minmay_temple_entry_stoned_glass, serial_shops, shop, st_stairs_10,
          uniq_crazy_yiuf_cottage
D:8:      layout_loops_cross, lemuel_coloured_pillars_altar
D:9:      layout_loops_ring
D:10:     layout_layer_cave, mainiacjoe_overflow_24_doors,
          minmay_lair_entry_grove, lightli_fourway_metalbox
D:11:     layout_big_octagon
D:12:     layout_roguey
Lair:1:   layout_gridlike, gammafunk_ghost_abyssal_escape,
          chequers_serial_rivers_small_a, minmay_hedge_maze,
          chequers_serial_rivers_small_a, columned_hall_lemuel, uniq_gastronok
Lair:2:   layout_regular_city, guppyfry_snake_entry_island,
          serial_bayou_lagoon_b, uniq_erica, uniq_nergalle, uniq_amaemon
Lair:3:   layout_long_grid, nicolae_swamp_entry_splash_gauntlet,
          chequers_serial_rivers_room_b, grunt_megastairs_4,
          lemuel_fruit_fields, uniq_fannar
Lair:4:   layout_long_grid, dpeg_slime_entry_enclosed
Lair:5:   guppyfry_lair_end_dragon, layout_regular_city,
          hangedman_lair_tendril_chambers, uniq_urug
Orc:1:    layout_caves
Orc:2:    pf_orc_diabolical, layout_caves, nicolae_specific_store,
          lightli_orcish_oven

Notes
Turn   | Place    | Note
-------+----------+-------------------------------------------
     0 | D:1      | Jackthecabe the Mummy Artificer began the quest for the
                  | Orb.
     0 | D:1      | Reached XP level 1. HP: 15/15 MP: 1/1
   289 | D:1      | Reached skill level 2 in Fighting
   298 | D:1      | Reached XP level 2. HP: 15/22 MP: 2/2
  1243 | D:2      | Gained mutation: You are in touch with the powers of death.
                  | [Mummy growth]
  1243 | D:2      | Reached XP level 3. HP: 28/28 MP: 3/3
  1256 | D:2      | Noticed Natasha
  1273 | D:2      | Killed Natasha
  1274 | D:2      | Reached skill level 3 in Fighting
  1274 | D:2      | Reached skill level 1 in Axes
  1428 | D:2      | Noticed Natasha
  1437 | D:2      | Killed Natasha
  1438 | D:2      | Reached XP level 4. HP: 31/35 MP: 4/4
  1692 | D:2      | Noticed Natasha
  1736 | D:2      | Killed Natasha
  1737 | D:2      | Reached skill level 2 in Axes
  1887 | D:3      | Found a glowing drain.
  1904 | Sewer    | Entered a sewer
  1947 | Sewer    | Reached XP level 5. HP: 42/42 MP: 5/5
  1977 | Sewer    | Reached skill level 4 in Fighting
  1977 | Sewer    | Reached skill level 3 in Axes
  1990 | Sewer    | Reached XP level 6. HP: 29/48 MP: 6/6
  2177 | Sewer    | Reached skill level 4 in Axes
  2491 | D:3      | Found an ancient bone altar of Kikubaaqudgha.
  2530 | D:3      | Noticed Robin
  2560 | D:2      | Learned a level 1 spell: Apportation
  2773 | D:3      | Killed Robin
  2847 | D:3      | Found a sacrificial altar of Ru.
  3348 | D:4      | Reached skill level 5 in Axes
  3348 | D:4      | Reached XP level 7. HP: 54/54 MP: 7/7
  3704 | D:3      | Became a worshipper of Ru the Awakened
  3722 | D:5      | Entered Level 5 of the Dungeon
  3735 | D:5      | Reached skill level 6 in Axes
  3993 | D:5      | Found a hide-covered altar of Uskayaw.
  3993 | D:5      | Found a burning altar of Makhleb.
  4223 | D:5      | Reached XP level 8. HP: 59/60 MP: 8/8
  4337 | D:5      | Reached skill level 2 in Armour
  4486 | D:5      | Reached skill level 7 in Axes
  4811 | D:6      | Found a one-way gate to the infinite horrors of the Abyss.
  4815 | D:6      | Found a corrupted altar of Lugonu.
  4819 | D:6      | Fell from the grace of Ru
  4819 | D:6      | Became a worshipper of Lugonu the Unformed
  4912 | D:6      | Reached skill level 3 in Armour
  5214 | D:6      | Reached skill level 4 in Armour
  5379 | D:6      | Reached * piety under Lugonu
  5613 | D:7      | Reached skill level 8 in Axes
  5698 | D:7      | Reached XP level 9. HP: 57/65 MP: 9/9
  5781 | D:7      | Found a staircase to the Ecumenical Temple.
  5937 | D:7      | Reached skill level 5 in Armour
  5968 | D:7      | Found Iqoil's Weapon Emporium.
  6046 | D:7      | Reached skill level 6 in Armour
  6297 | D:7      | Found a runed translucent door.
  6298 | D:7      | Noticed Crazy Yiuf
  6733 | D:8      | Reached skill level 9 in Axes
  7192 | D:8      | Found an opulent altar of Gozag.
  7288 | D:8      | Reached ** piety under Lugonu
  7289 | D:8      | Reached XP level 10. HP: 47/71 MP: 10/10
  7442 | D:9      | Reached skill level 10 in Axes
  7503 | D:8      | Reached skill level 1 in Shields
  7538 | D:8      | Reached skill level 2 in Shields
  7558 | D:9      | Reached skill level 1 in Maces & Flails
  7719 | D:9      | Reached skill level 2 in Maces & Flails
  7719 | D:9      | Reached skill level 3 in Shields
  7744 | D:9      | Noticed a soul eater
  7760 | D:9      | Reached skill level 3 in Maces & Flails
  7876 | D:9      | Reached skill level 4 in Shields
  7990 | D:9      | Reached *** piety under Lugonu
  8207 | D:10     | Entered Level 10 of the Dungeon
  8210 | D:10     | Noticed a two-headed ogre
  8222 | D:10     | Killed a two-headed ogre
  8223 | D:10     | Reached skill level 4 in Maces & Flails
  8294 | D:10     | Reached skill level 5 in Shields
  8448 | D:9      | Reached XP level 11. HP: 65/78 MP: 11/11
  8499 | D:10     | Found a staircase to the Lair.
  8531 | D:10     | Reached skill level 5 in Fighting
  8696 | D:10     | Noticed a two-headed ogre
  8766 | D:10     | Killed a two-headed ogre
  8767 | D:10     | Reached skill level 6 in Fighting
  8785 | D:10     | Found a staircase to the Orcish Mines.
  9079 | D:10     | Reached skill level 7 in Fighting
  9196 | D:10     | Reached skill level 8 in Fighting
  9338 | D:10     | Found a blossoming altar of Fedhas.
  9367 | D:10     | Reached skill level 1 in Invocations
  9859 | D:11     | Reached skill level 2 in Invocations
  9876 | D:11     | Noticed a two-headed ogre
 10039 | D:11     | Killed a two-headed ogre
 10040 | D:11     | Reached skill level 3 in Invocations
 10136 | D:10     | Reached skill level 4 in Invocations
 10214 | D:11     | Reached **** piety under Lugonu
 10215 | D:11     | Reached skill level 5 in Invocations
 10309 | D:10     | Reached skill level 5 in Maces & Flails
 10534 | D:11     | Reached skill level 6 in Maces & Flails
 10698 | D:11     | Identified the +10 long sword of Jehuseg {venom, Dex+3}
 10943 | Lair:1   | Entered Level 1 of the Lair of Beasts
 10959 | D:10     | Reached XP level 12. HP: 80/92 MP: 15/15
 11180 | Lair:1   | Reached skill level 7 in Maces & Flails
 11290 | Lair:1   | Noticed Gastronok
 11312 | Lair:1   | Killed Gastronok
 11741 | Lair:1   | Reached skill level 9 in Fighting
 12061 | Lair:1   | Noticed bronco's ghost (journeyman MiSh)
 12071 | Lair:1   | Found a transporter.
 12094 | Lair:1   | Found a transporter.
 12654 | Lair:2   | Reached skill level 10 in Fighting
 12714 | Lair:2   | Noticed Amaemon
 12763 | Lair:1   | Killed Amaemon
 12882 | Lair:2   | Reached skill level 6 in Invocations
 12896 | Lair:2   | Found a staircase to the Snake Pit.
 12907 | Lair:2   | Reached ***** piety under Lugonu
 13087 | Lair:2   | Reached skill level 7 in Invocations
 13242 | Lair:2   | Noticed Nergalle
 13253 | Lair:2   | Killed Nergalle
 13386 | Lair:2   | Noticed Erica
 13389 | Lair:2   | Erica changed into Erica the redback
 13389 | Lair:2   | Noticed Erica
 13401 | Lair:2   | Killed Erica the redback
 13420 | Lair:2   | Reached skill level 8 in Invocations
 13892 | Lair:2   | Reached skill level 8 in Maces & Flails
 14039 | Lair:3   | Noticed Fannar
 14054 | Lair:3   | Killed Fannar
 14055 | Lair:3   | Gained mutation: You are strongly in touch with the powers
                  | of death. [Mummy growth]
 14055 | Lair:3   | Reached XP level 13. HP: 60/103 MP: 19/19
 14408 | Lair:3   | Reached skill level 9 in Maces & Flails
 14464 | Lair:3   | Found a staircase to the Swamp.
 15152 | Lair:4   | Reached skill level 10 in Maces & Flails
 15288 | Lair:4   | Found a staircase to the Slime Pits.
 15354 | Lair:4   | Reached skill level 1 in Spellcasting
 16081 | Lair:5   | Entered Level 5 of the Lair of Beasts
 16097 | Lair:4   | Reached skill level 7 in Armour
 16193 | Lair:5   | Noticed Urug
 16194 | Lair:5   | Banished Urug
 16248 | Lair:5   | Identified the +5 short sword of Devotion {holy, Drain rF+
                  | rN+ Int+2}
 16522 | Lair:3   | Reached skill level 8 in Armour
 17222 | Lair:4   | Found a staircase to the Slime Pits.
 17344 | Lair:4   | Reached skill level 9 in Armour
 17399 | Lair:4   | Reached skill level 1 in Dodging
 17411 | Lair:4   | Reached skill level 2 in Dodging
 18019 | Lair:5   | Reached XP level 14. HP: 100/110 MP: 20/20
 18021 | Lair:5   | Reached ****** piety under Lugonu
 18022 | Lair:5   | Reached skill level 3 in Dodging
 18173 | Lair:5   | Identified a +3 demon whip of distortion (a +1 demon whip
                  | of chaos corrupted by Lugonu)
 18173 | Lair:5   | Received a gift from Lugonu
 18203 | Lair:5   | Reached skill level 4 in Dodging
 18303 | Lair:5   | Reached skill level 5 in Dodging
 18547 | Lair:5   | Reached skill level 6 in Dodging
 19223 | Orc:1    | Entered Level 1 of the Orcish Mines
 19348 | Orc:1    | You fall into a shaft and drop 1 floor!
 19348 | Orc:2    | Entered Level 2 of the Orcish Mines
 19478 | Orc:2    | Reached skill level 7 in Dodging
 20156 | Orc:2    | Found Umaut's Specific Store.
 20158 | Orc:2    | Found Bemirph's General Store.
 20472 | Orc:2    | Found a staircase to the Elven Halls.
 21092 | Orc:2    | Reached skill level 8 in Dodging
 21333 | Orc:2    | Found Sekole Umoz's Distillery.
 21337 | Orc:2    | Found Tinafun's General Store.
 21584 | Orc:2    | HP: 11/110 [sixfirhy[an orc high priest] (10)]
 21619 | Abyss:1  | Reached skill level 9 in Dodging
 21703 | Orc:2    | You pass through the gate.
 21703 | Orc:2    | Escaped the Abyss
 22560 | Orc:2    | Reached skill level 10 in Dodging
 22601 | Orc:2    | Found Aggacveq's Book Boutique.
 22601 | Orc:2    | Found a one-way gate leading to the halls of Pandemonium.
 22601 | Orc:2    | Found Ryav's Antique Armour Shop.
 22951 | D:12     | Reached XP level 15. HP: 101/115 MP: 21/21
 23092 | D:12     | HP: 11/115 [barbs]
 23093 | D:12     | HP: 5/115 [barbs]
 23095 | D:12     | Succumbed to barbed spike wounds

Vanquished Creatures
  Gastronok (Lair:1)
  Fannar (Lair:3)
  A hydra (Lair:3)
  3 two-headed ogres
  5 death yaks (Lair:4)
  2 orc high priests (Orc:2)
  Nergalle (Lair:2)
  Amaemon (Lair:1)
  2 bog bodies (Lair:3)
  A large abomination (Abyss:1)
  4 orc knights (Orc:2)
  7 orc sorcerers
  A wolf spider (Lair:5)
  An ugly thing (D:12)
  A manticore (D:10)
  A cyclops (D:11)
  A worldbinder (Abyss:1)
  3 elephants (Lair:5)
  7 black mambas
  A rust devil (Orc:2)
  A smoke demon (Orc:2)
  A guardian serpent (Lair:5)
  A torpor snail (Lair:2)
  12 cane toads
  6 rime drakes
  An orange demon (Lair:2)
  3 gargoyles
  An efreet (D:10)
  An ice devil (Orc:2)
  11 komodo dragons
  4 kobold demonologists
  4 polar bears
  3 hornets (Lair:5)
  A blink frog (shapeshifter) (Lair:4)
  22 blink frogs
  5 slime creatures (D:12)
  A jumping spider (shapeshifter) (Lair:4)
  A vampire (D:10)
  48 yaks
  7 basilisks
  15 wyverns
  5 redbacks
  7 vampire mosquitoes
  2 chaos spawn (Orc:2)
  4 steam dragons
  3 wargs
  3 swamp worms (Lair:3)
  A naga (Lair:2)
  23 water moccasins
  An acid dragon (D:11)
  A sky beast (D:8)
  2 swamp drakes (Lair:5)
  3 ice beasts
  28 orc warriors
  4 black bears
  3 ogres
  3 centaurs
  21 wolves
  A phantom (D:5)
  12 kobold brigands
  15 bullfrogs
  4 scorpions
  14 wights
  5 killer bees (D:9)
  7 howler monkeys
  3 electric eels
  2 jellies
  23 orc priests
  4 hounds
  4 hell rats
  Natasha (thrice) (D:2)
  6 iguanas
  20 orc wizards
  Robin (D:3)
  4 adders
  11 gnolls
  A river rat (Sewer)
  2 shadow imps
  A white imp (D:8)
  2 worms (D:2)
  5 dart slugs
  69 orcs
  9 endoplasms
  6 giant cockroaches
  19 goblins
  6 hobgoblins
  3 jackals (D:1)
  8 quokkas
  7 ball pythons
  3 bats
  4 frilled lizards
  24 kobolds
  6 rats
622 creatures vanquished.

Vanquished Creatures (others)
  A cane toad (Lair:5)
  A basilisk (Lair:5)
  A water moccasin (Lair:5)
  An orc priest (Orc:2)
  A lurking horror (D:6)
5 creatures vanquished.

Grand Total: 627 creatures vanquished

Table legend: (Time is in decaauts)
 A = Elapsed time spent in this place.
 B = Non-inter-level travel time spent in this place.
 C = Inter-level travel time spent in this place.
 D = Time resting spent in this place.
 E = Time spent auto-exploring this place.
 F = Levels seen in this place.
 G = Mean time per level.
                   A        B        C        D        E       F      G
               +--------+--------+--------+--------+--------+-----+--------+
         Total |  22643 |  21373 |   1270 |   3184 |  11621 |  21 | 1078.2 |
       Dungeon |  11671 |  10954 |    717 |   1242 |   6399 |  12 |  972.6 |
          Lair |   7217 |   6826 |    391 |    647 |   4133 |   5 | 1443.4 |
  Orcish Mines |   3119 |   2957 |    162 |   1219 |    784 |   2 | 1559.5 |
         Abyss |    108 |    108 |      0 |     75 |      0 |   1 |  108.0 |
         Sewer |    527 |    527 |      0 |      0 |    304 |   1 |  527.0 |
               +--------+--------+--------+--------+--------+-----+--------+

Top non-repeatable levels by time:
    D:10: 2398 daAuts
   Orc:2: 2114 daAuts
  Lair:4: 2034 daAuts
  Lair:5: 1505 daAuts
  Lair:3: 1318 daAuts
  Lair:1: 1262 daAuts
  Lair:2: 1097 daAuts
     D:1: 1094 daAuts
     D:7: 1006 daAuts
   Orc:1: 1004 daAuts
     D:9: 937 daAuts
     D:6: 917 daAuts
     D:8: 906 daAuts
     D:3: 862 daAuts
    D:11: 852 daAuts

Table legend:
 A = Non-vault XP
 B = Vault XP
 C = Vault XP percentage of total XP
 D = Non-vault monster count
 E = Vault monster count
 F = Vault count percentage of total count
                 A         B        C        D         E       F
            +---------+---------+-------+---------+---------+-------
      Total |   63374 |   41277 |  39.4 |     450 |     198 |  30.6
            +---------+---------+-------+---------+---------+-------
        D:1 |      22 |       0 |   0.0 |      13 |       0 |   0.0
        D:2 |     128 |      38 |  22.9 |      18 |       2 |  10.0
        D:3 |     110 |      49 |  30.8 |      21 |      19 |  47.5
        D:4 |     338 |       0 |   0.0 |      19 |       0 |   0.0
        D:5 |     748 |       0 |   0.0 |      20 |       0 |   0.0
        D:6 |     719 |     149 |  17.2 |      22 |       5 |  18.5
        D:7 |     819 |     482 |  37.0 |      15 |       4 |  21.1
        D:8 |    2252 |       0 |   0.0 |      19 |       0 |   0.0
        D:9 |    3294 |     724 |  18.0 |      30 |       4 |  11.8
       D:10 |    6054 |    3484 |  36.5 |      30 |      12 |  28.6
       D:11 |    4478 |       0 |   0.0 |      24 |       0 |   0.0
       D:12 |    3865 |       0 |   0.0 |      13 |       0 |   0.0
     Lair:1 |    4012 |    2244 |  35.9 |      22 |       2 |   8.3
     Lair:2 |    5752 |    1670 |  22.5 |      27 |       5 |  15.6
     Lair:3 |    6082 |    2991 |  33.0 |      22 |       8 |  26.7
     Lair:4 |   10612 |       0 |   0.0 |      32 |       0 |   0.0
     Lair:5 |    7859 |   13276 |  62.8 |      30 |      50 |  62.5
      Orc:1 |    1411 |    2461 |  63.6 |      24 |       8 |  25.0
      Orc:2 |    3134 |   13153 |  80.8 |      44 |      58 |  56.9
    Abyss:1 |    1685 |     218 |  11.5 |       5 |       1 |  16.7
      Sewer |       0 |     338 | 100.0 |       0 |      20 | 100.0
            +---------+---------+-------+---------+---------+-------
